AoeStats
← perromelocoton

Black Forest

506426512Analyzed
1v1 RM · 17d ago on Sep 13, 2026· 51m 29s· 2 players
Game mode
Random Map
Map size
Tiny (2 player)
Population
200
Speed
Normal
Resources
Standard
Victory
Conquest
Starting age
Dark Age
Ending age
Imperial Age
RankedLock teamsTeams togetherTeam positionsShared explorationLock speedFull tech treeHidden civsTurbo modeCheats
Victory
Defeat
🇪🇸 Britons · Spain
878
+14
🇦🇹 Byzantines · Austria
845
-14
andoss
12:13 Feudal Age
12:13 Man-at-Arms
21:02 Castle Age
19:09 Double-Bit Axe
20:37 Horse Collar
20:50 Gold Mining
24:35 Bow Saw
28:35 Scale Barding Armor
37:40 Imperial Age
35:48 Wheelbarrow
36:11 Elite Skirmisher
36:15 Pikeman
37:31 Forging
38:54 Padded Archer Armor
40:07 Chemistry
39:44 Stone Mining
42:23 Leather Archer Armor
47:45 Conscription
47:45 Loom
48:32 Elite Cataphract
perromelocoton
1:49 Loom
13:34 Feudal Age
21:28 Castle Age
20:29 Double-Bit Axe
22:17 Horse Collar
23:59 Wheelbarrow
23:38 Bow Saw
24:48 Fletching
25:30 Heavy Plow
30:28 Pikeman
32:18 Bodkin Arrow
32:50 Scale Mail Armor
36:08 Imperial Age
33:54 Padded Archer Armor
34:17 Ballistics
35:01 Hand Cart
35:19 Forging
35:42 Squires
35:28 Gambesons
35:55 Arson
36:31 Chain Mail Armor
37:11 Conscription
37:32 Bracer
40:03 Chemistry
39:06 Gold Mining
38:44 Halberdier
40:38 Leather Archer Armor
40:54 Plate Mail Armor
41:48 Siege Engineers
41:55 Masonry
42:08 Yeomen
43:39 Ring Archer Armor
43:24 Elite Longbowman
45:53 Iron Casting
45:36 Warwolf
51:11 Blast Furnace
Connection lost

Rejoining the realm…

Still unreachable

The connection could not be restored.

Session expired

The server has moved on; the page needs a fresh start.